 Dungeon Crawl Stone Soup version 0.32-a0-391-gce5c0aab1b (console) character file.

Game seed: 7132641193111884647

55222 jejorda2 the Cleaver (level 14, -6/116 HPs)
             Began as a Gnoll Berserker on Feb 19, 2024.
             Was an Elder of Trog.
             Mangled by a skeletal warrior
             ... wielding a +0 mace
              (17 damage)
             ... on level 13 of the Dungeon.
             The game lasted 00:57:59 (21300 turns).

jejorda2 the Cleaver (Gnoll Berserker)             Turns: 21300, Time: 00:58:02

Health: -6/116     AC: 26    Str: 22    XL:     14   Next: 76%
Magic:  0/36       EV: 12    Int:  6    God:    Trog [****..]
Gold:   1630       SH:  2    Dex: 12    Spells: 32/32 levels left

rFire   . . .        a - +5 woodcutter's axe
rCold   + + .        (shield currently unavailable)
rNeg    . . .        K - +3 plate armour {rC+}
rPois   +            (no helmet)
rElec   .            L - +2 cloak {rC+}
rCorr   .            (no gloves)
SInv    .            G - +2 pair of boots
Will    +++..        d - amulet of guardian spirit Stlth
                     c - ring of poison resistance
HPRegen 1.39/turn    O - ring of the Octopus King {HP+2 MP+9 AC+2 EV+2 SH+2}
MPRegen 0.25/turn

%: guardian spirit
@: on fire, strong-willed, spiked, regenerating, glowing
A: fangs 1, strong nose, distributed training
a: Renounce Religion, Berserk, Trog's Hand, Brothers in Arms


You were on level 13 of the Dungeon.
You worshipped Trog.
Trog was greatly pleased with you.
You visited 2 branches of the dungeon, and saw 18 of its levels.
You also visited: Bailey and Ice Cave.

You collected 1688 gold pieces.
You spent 58 gold pieces at shops.

Inventory:

Hand Weapons
 a - the +5 woodcutter's axe (weapon)
   (You took it off a gnoll on level 3 of the Dungeon)
 b - a +1 demon whip of flaming
 w - the +7 morningstar of Coosoaz {flame, rCorr Str+2 SInv}
   (You found it on level 5 of the Lair of Beasts)

   Str+2:     It affects your strength (+2).
   SInv:      It lets you see invisible.
   rCorr:     It protects you from acid and corrosion.
Missiles
 f - 24 poisoned darts (quivered)
 n - 9 datura-tipped darts
 o - 2 throwing nets
 q - 2 curare-tipped darts
 t - 7 javelins
 P - 9 boomerangs
Armour
 G - a +2 pair of boots (worn)
 K - a +3 plate armour of cold resistance (worn)
 L - a +2 cloak of cold resistance (worn)
Jewellery
 c - a ring of poison resistance (left hand)
 d - an amulet of guardian spirit (around neck)
 u - a ring of fire
 v - a ring of fire
 O - a ring of the Octopus King (right hand) {HP+2 MP+9 AC+2 EV+2 SH+2}
   (You found it on level 5 of the Lair of Beasts)

   [ring of magical power]

   AC+2:      It affects your AC (+2).
   EV+2:      It affects your evasion (+2).
   HP+2:      It affects your health (+2).
   MP+9:      It affects your magic capacity (+9).
   SH+2:      It affects your SH (+2).
 T - the ring "Cebel" {rElec rC+ rCorr MP+9 Dex+3}
   (You found it in an ice cave)

   [ring of resist corrosion]

   Dex+3:     It affects your dexterity (+3).
   rC+:       It protects you from cold.
   rElec:     It insulates you from electricity.
   MP+9:      It affects your magic capacity (+9).
   rCorr:     It protects you from acid and corrosion.
Wands
 h - a wand of polymorph (12)
 y - a wand of iceblast (12)
 A - a wand of digging (8)
 C - a wand of flame (13)
 H - a wand of charming (11)
 W - a wand of light (7)
Scrolls
 j - 8 scrolls of teleportation
 k - a scroll of enchant weapon
 J - a scroll of immolation
Potions
 e - 8 potions of curing
 g - 2 potions of invisibility
 i - 3 potions of cancellation
 l - 2 potions of mutation
 p - a potion of ambrosia {unknown}
 r - 3 potions of haste
 x - 5 potions of heal wounds
 B - 3 potions of resistance
 D - 3 potions of enlightenment
 E - a potion of experience {unknown}
 F - a potion of degeneration {unknown}
 N - a potion of might {unknown}
Miscellaneous
 S - a lightning rod (4/4)


   Skills:
 + Level 11.8 Fighting
 + Level 9.8 Short Blades
 + Level 9.8 Long Blades
 + Level 11.8 Axes
 + Level 9.8 Maces & Flails
 + Level 9.8 Polearms
 + Level 9.8 Staves
 + Level 9.8 Ranged Weapons
 + Level 9.8 Throwing
 + Level 10.9 Armour
 + Level 10.9 Dodging
 + Level 9.8 Stealth
 + Level 9.8 Shields
 + Level 9.8 Unarmed Combat
 + Level 9.8 Spellcasting
 + Level 8.2 Conjurations
 + Level 8.2 Hexes
 + Level 8.2 Summonings
 + Level 8.2 Necromancy
 + Level 8.2 Translocations
 + Level 8.2 Fire Magic
 + Level 8.2 Ice Magic
 + Level 8.2 Air Magic
 + Level 8.2 Earth Magic
 + Level 8.2 Alchemy
 + Level 10.7 Invocations
 + Level 9.8 Evocations
 + Level 9.0 Shapeshifting


You had 32 spell levels left.
You didn't know any spells.
Your spell library was empty.

Dungeon Overview and Level Annotations

Branches:
Dungeon (13/15)            Temple (0/1) D:6            Lair (5/5) D:10
  Swamp (0/4) Lair:3        Snake (0/4) Lair:2        Slime (0/5) Lair:5
    Orc (0/2) D:9          Bailey (visited)           IceCv (visited)
 Vaults: D:13-14

Altars:
Ashenzari
Cheibriados
Dithmenos
Fedhas
Gozag
Hepliaklqana
Okawaru
Sif Muna
Trog
Xom
The Shining One

Shops:
D:9 =((((   D:12 [(::

Portals:
Abyss: Lair:3
Trove: D:11 (give +4 ice dragon scales)

Annotations:
Lair:3 2 transporters, Biped's ghost, journeyman KoFi


Innate Abilities, Weirdness & Mutations

You have very sharp teeth.
Your uncanny sense of smell can sniff out nearby items.
Your experience applies equally to all skills.


Message History

The ogre mage is lightly wounded.
You slash the skeletal warrior! You hit the manticore but do no damage.
The skeletal warrior hits you with a +0 mace!
* * * LOW HITPOINT WARNING * * *
The manticore barely misses you. The manticore claws you.
* * * LOW HITPOINT WARNING * * *
The manticore claws you.
* * * LOW HITPOINT WARNING * * *
Unknown command.
Unknown command.
As you read the scroll of fear, it crumbles to dust.
You assume a fearsome visage.
The ogre mage looks frightened!
The manticore looks frightened! x2; The five-headed hydra looks frightened!
The deep elf pyromancer easily resists.
The skeletal warrior is unaffected.
The ogre mage mumbles some strange words.
The ogre mage flickers and vanishes!
Deactivating autopickup; reactivate with Ctrl-A.
The skeletal warrior completely misses you.
Unknown command.
Unknown command.
Unknown command.
The barbs in your skin will harm you if you move.
Continue?
Okay, then.
Unknown command.
You hit something. You hit the skeletal warrior.
The skeletal warrior hits you but does no damage.
The deep elf pyromancer gestures at you while chanting.
The pyre arrow hits you.
You are covered in intense liquid fire!
Unknown command.
Unknown command.
Unknown command.
The barbs in your skin will harm you if you move.
Continue?
The barbed spikes dig painfully into your body as you move.
* * * LOW HITPOINT WARNING * * *
You shake off some of the fire as you move.
The liquid fire burns you!
* * * LOW HITPOINT WARNING * * *
The skeletal warrior hits you with a +0 mace!!
You die...

.. #.#.........
.... #.......H...
....###.#.........
..................
....#.#H#.........
...e..............
.......).......^..
..D....)@.<.......
.......z..†.......
########.....)....
#......<...
#..........
#..........
#..........
#..........


You could see a five-headed hydra (fleeing), a skeletal warrior, 2 manticores
and a deep elf pyromancer.

Vanquished Creatures
  A reaper (Lair:5)
  An ice dragon (D:11)
  A merfolk avatar (Lair:5)
  2 hydras (Lair:2)
  A catoblepas (Lair:2)
  4 death yaks (IceCv)
  2 two-headed ogres
  A boulder beetle (D:11)
  5 skysharks
  Pikel (D:4)
  A harpy (Lair:5)
  2 oklob plants
  2 manticores
  3 elephants (Lair:5)
  4 black mambas
  An ice statue (IceCv)
  8 cane toads
  An unseen horror (D:10)
  7 rime drakes
  2 kobold demonologists (D:10)
  6 komodo dragons
  A tengu conjurer (D:13)
  2 trolls
  A tyrant leech (Lair:2)
  9 polar bears
  17 blink frogs
  7 dream sheep (Lair:5)
  2 snapping turtles (Lair:5)
  4 hornets
  3 wraiths
  A centaur simulacrum (D:13)
  A vampire (D:9)
  2 shadows
  A human (Lair:5)
  4 wyverns
  61 yaks
  2 steam dragons
  Eustachio (D:4)
  A swamp worm (Lair:2)
  3 nagas (Lair:2)
  14 water moccasins
  9 orc warriors
  2 sky beasts
  An ice beast (D:7)
  3 black bears
  15 wolves
  2 ogres
  2 lemures (D:4)
  4 centaurs
  2 phantoms
  3 kobold brigands
  Blork the orc (D:4)
  4 gnoll sergeants
  9 bullfrogs
  3 scorpions
  3 wights (D:9)
  5 killer bees
  6 howler monkeys
  An electric eel (D:12)
  Crazy Yiuf (D:2)
  3 bombardier beetles
  5 jellies
  12 orc priests
  4 hounds
  2 iguanas
  11 orc wizards
  13 adders
  14 gnolls
  A shadow imp (D:6)
  A white imp (D:3)
  3 ribbon worms
  2 dart slugs
  59 orcs
  10 endoplasms
  7 giant cockroaches
  11 goblins
  4 hobgoblins
  6 jackals
  2 quokkas
  11 ball pythons
  4 bats
  3 frilled lizards
  12 kobolds
  7 rats
476 creatures vanquished.

Vanquished Creatures (collateral kills)
  A frost giant (IceCv)
  A two-headed ogre (D:13)
  3 death yaks (IceCv)
  A skeletal warrior (D:13)
  An orc knight (Bailey)
  A deep elf pyromancer (Bailey)
  2 polar bears (IceCv)
  An acid dragon (D:13)
  A wolf (IceCv)
  2 kobold brigands (D:9)
  A gnoll (D:9)
  2 orcs (D:9)
17 creatures vanquished.

Vanquished Creatures (others)
  A gnoll sergeant (D:9)
1 creature vanquished.

Grand Total: 494 creatures vanquished

Notes
Turn   | Place    | Note
-------+----------+-------------------------------------------
     0 | D:1      | jejorda2 the Gnoll Berserker began the quest for the Orb.
     0 | D:1      | Reached XP level 1. HP: 23/23 MP: 1/1
   182 | D:1      | Found a faded altar of an unknown god.
   185 | D:1      | Reached XP level 2. HP: 29/29 MP: 2/2
   281 | D:1      | Reached XP level 3. HP: 33/35 MP: 3/3
   399 | D:1      | Reached skill level 1 in Invocations
   604 | D:1      | Reached skill level 1 in Short Blades
   604 | D:1      | Reached skill level 1 in Long Blades
   604 | D:1      | Reached skill level 1 in Maces & Flails
   604 | D:1      | Reached skill level 1 in Polearms
   604 | D:1      | Reached skill level 1 in Staves
   604 | D:1      | Reached skill level 1 in Ranged Weapons
   604 | D:1      | Reached skill level 1 in Throwing
   604 | D:1      | Reached skill level 1 in Stealth
   604 | D:1      | Reached skill level 1 in Shields
   604 | D:1      | Reached skill level 1 in Unarmed Combat
   604 | D:1      | Reached skill level 1 in Spellcasting
   604 | D:1      | Reached skill level 1 in Evocations
   604 | D:1      | Reached ** piety under Trog
   807 | D:2      | Reached skill level 1 in Shapeshifting
   807 | D:2      | Reached XP level 4. HP: 37/41 MP: 5/5
   951 | D:2      | Reached skill level 1 in Conjurations
   951 | D:2      | Reached skill level 1 in Hexes
   951 | D:2      | Reached skill level 1 in Summonings
   951 | D:2      | Reached skill level 1 in Necromancy
   951 | D:2      | Reached skill level 1 in Translocations
   951 | D:2      | Reached skill level 1 in Fire Magic
   951 | D:2      | Reached skill level 1 in Ice Magic
   951 | D:2      | Reached skill level 1 in Air Magic
   951 | D:2      | Reached skill level 1 in Earth Magic
   951 | D:2      | Reached skill level 1 in Alchemy
  1058 | D:2      | Reached XP level 5. HP: 43/47 MP: 5/7
  1224 | D:2      | Found a runed translucent door.
  1225 | D:2      | Noticed Crazy Yiuf
  1234 | D:2      | Killed Crazy Yiuf
  1464 | D:3      | Reached XP level 6. HP: 36/53 MP: 8/8
  1467 | D:3      | Reached skill level 5 in Armour
  1467 | D:3      | Reached skill level 5 in Dodging
  2337 | D:4      | Reached XP level 7. HP: 59/59 MP: 10/10
  2351 | D:4      | Noticed Pikel
  2371 | D:4      | Killed Pikel
  2372 | D:4      | Reached XP level 8. HP: 44/67 MP: 10/12
  2583 | D:4      | Noticed Blork the orc
  2587 | D:4      | Killed Blork the orc
  2598 | D:4      | Reached *** piety under Trog
  2967 | D:4      | Noticed Eustachio
  2978 | D:4      | Killed Eustachio
  3114 | D:5      | Entered Level 5 of the Dungeon
  3494 | D:5      | Reached XP level 9. HP: 67/73 MP: 14/14
  3598 | D:5      | Found a shadowy altar of Dithmenos.
  3954 | D:5      | Reached **** piety under Trog
  4015 | D:5      | Found a blossoming altar of Fedhas.
  4015 | D:5      | Found an opulent altar of Gozag.
  4789 | D:6      | Found a staircase to the Ecumenical Temple.
  5257 | D:7      | Found a flagged portal.
  5272 | Bailey   | Entered a bailey
  5307 | Bailey   | Reached skill level 5 in Invocations
  5488 | Bailey   | Found a large runed translucent door.
  5488 | Bailey   | Found a large runed translucent door.
  5490 | Bailey   | Noticed a deep elf pyromancer
  5503 | Bailey   | Noticed an orc knight
  5509 | Bailey   | Killed an orc knight
  5520 | Bailey   | Killed a deep elf pyromancer
  5521 | Bailey   | Reached skill level 5 in Short Blades
  5521 | Bailey   | Reached skill level 5 in Long Blades
  5521 | Bailey   | Reached skill level 5 in Maces & Flails
  5521 | Bailey   | Reached skill level 5 in Polearms
  5521 | Bailey   | Reached skill level 5 in Staves
  5521 | Bailey   | Reached skill level 5 in Ranged Weapons
  5521 | Bailey   | Reached skill level 5 in Throwing
  5521 | Bailey   | Reached skill level 5 in Stealth
  5521 | Bailey   | Reached skill level 5 in Shields
  5521 | Bailey   | Reached skill level 5 in Unarmed Combat
  5521 | Bailey   | Reached skill level 5 in Spellcasting
  5521 | Bailey   | Reached skill level 5 in Evocations
  5521 | Bailey   | Reached XP level 10. HP: 82/82 MP: 17/17
  5535 | Bailey   | Identified the +0 robe "Sozemp" {rPois}
  5536 | Bailey   | Identified the staff of the Scavenger {rN+ Str+2 Conj
                  | Necro}
  6330 | D:7      | Found a shimmering blue altar of Sif Muna.
  6781 | D:8      | Identified the orb "Conles" {guile, +Inv rC+ Regen+}
  7035 | D:8      | Reached skill level 5 in Shapeshifting
  7455 | D:9      | Found Oxzob's Antique Weapon Shop.
  7477 | D:9      | Found Vuryqyu's Weapon Shop.
  7499 | D:9      | Found Nimablir's Weapon Boutique.
  7524 | D:9      | Bought 5 datura-tipped darts for 58 gold pieces
  7562 | D:9      | Found Ucofol's Weapon Emporium.
  7890 | D:9      | You fall into a shaft and drop 1 floor!
  7890 | D:10     | Entered Level 10 of the Dungeon
  7902 | D:10     | Killed an unseen horror
  7993 | D:9      | Found a staircase to the Orcish Mines.
  8028 | D:9      | Reached skill level 5 in Conjurations
  8028 | D:9      | Reached skill level 5 in Hexes
  8028 | D:9      | Reached skill level 5 in Summonings
  8028 | D:9      | Reached skill level 5 in Necromancy
  8028 | D:9      | Reached skill level 5 in Translocations
  8028 | D:9      | Reached skill level 5 in Fire Magic
  8028 | D:9      | Reached skill level 5 in Ice Magic
  8028 | D:9      | Reached skill level 5 in Air Magic
  8028 | D:9      | Reached skill level 5 in Earth Magic
  8028 | D:9      | Reached skill level 5 in Alchemy
  8031 | D:9      | Reached XP level 11. HP: 43/89 MP: 20/20
  8161 | D:9      | Identified the +11 dagger of Hesmasea {freeze, rN++ Str+2}
  8478 | D:9      | Found Saoduin's Jewellery Boutique.
  8605 | D:10     | Noticed an oklob plant
  8608 | D:10     | Found a staircase to the Lair.
  8652 | D:10     | Reached ***** piety under Trog
  8785 | D:10     | Found a broken altar of Ashenzari.
  8900 | D:10     | Noticed a sun demon
  8907 | D:10     | Found an iron altar of Okawaru.
  9085 | D:10     | Found a bloodstained altar of Trog.
  9086 | D:10     | Found a snail-covered altar of Cheibriados.
  9113 | D:10     | Found a hazy altar of Hepliaklqana.
  9301 | D:10     | Found a shimmering altar of Xom.
  9356 | D:10     | Found a glowing golden altar of the Shining One.
  9441 | D:10     | Noticed a two-headed ogre
  9445 | D:10     | Killed a two-headed ogre
  9656 | D:10     | Killed an oklob plant
  9852 | Lair:1   | Entered Level 1 of the Lair of Beasts
 10179 | Lair:1   | Noticed an oklob plant
 10190 | Lair:1   | Killed an oklob plant
 10548 | Lair:1   | Reached XP level 12. HP: 94/97 MP: 22/22
 10824 | Lair:1   | Found a shadowy altar of Dithmenos.
 11098 | Lair:2   | Noticed a six-headed hydra
 11118 | Lair:2   | Killed a six-headed hydra
 11197 | Lair:2   | Noticed a catoblepas
 11208 | Lair:2   | Reached skill level 10 in Fighting
 11208 | Lair:2   | Reached skill level 10 in Axes
 11214 | Lair:2   | Found a staircase to the Snake Pit.
 11428 | Lair:2   | Killed a catoblepas
 12003 | Lair:2   | Noticed a six-headed hydra
 12025 | Lair:2   | Killed a six-headed hydra
 12136 | Lair:2   | Noticed a skyshark
 12150 | Lair:2   | Killed a skyshark
 12519 | Lair:3   | Found a staircase to the Swamp.
 13247 | Lair:3   | Noticed a skyshark
 13256 | Lair:3   | Killed a skyshark
 13257 | Lair:3   | Reached XP level 13. HP: 104/104 MP: 25/25
 13306 | Lair:3   | Found a transporter.
 13328 | Lair:3   | Found a transporter.
 13331 | Lair:3   | Noticed a rakshasa
 13353 | Lair:3   | Noticed Biped's ghost (journeyman KoFi)
 13572 | Lair:3   | Found a one-way gate to the infinite horrors of the Abyss.
 15185 | Lair:5   | Entered Level 5 of the Lair of Beasts
 15529 | Lair:5   | Found a staircase to the Slime Pits.
 15804 | Lair:5   | Identified the +7 morningstar of Coosoaz {flame, rCorr
                  | Str+2 SInv}
 16100 | Lair:5   | Reached skill level 10 in Armour
 16100 | Lair:5   | Reached skill level 10 in Dodging
 16835 | Lair:5   | Found the ring of the Octopus King
 17160 | Lair:5   | HP: 5/106 [drowned by a drowned soul[a merfolk avatar]
                  | (17)]
 17167 | Lair:5   | HP: 1/106 [drowned by a drowned soul[a merfolk avatar]
                  | (17)]
 17182 | Lair:5   | Identified a ring of the Octopus King {HP+2 MP+9 AC+2 EV+2
                  | SH+2}
 17418 | Lair:5   | Found a runed translucent door.
 17419 | Lair:5   | Noticed a reaper
 17617 | Lair:5   | Killed a reaper
 18050 | D:11     | Reached skill level 10 in Invocations
 18050 | D:11     | Reached XP level 14. HP: 96/113 MP: 27/27
 18212 | D:11     | Found a frozen archway.
 18380 | IceCv    | Entered an ice cave
 18408 | IceCv    | Received a gift from Trog
 19378 | IceCv    | Noticed a frost giant
 19388 | IceCv    | Killed a frost giant
 19407 | IceCv    | Identified the ring of the Taurataur {*Slow rC++ rN+ Dex+3}
 19415 | IceCv    | Identified the ring "Cebel" {rElec rC+ rCorr MP+9 Dex+3}
 20123 | D:11     | Found a portal to a secret trove of treasure.
 20647 | D:12     | Found Usasauc's Antique Armour Shoppe.
 20665 | D:12     | Found Larghemo's Book Shop.
 20673 | D:12     | Found Bius's Antique Weapon Emporium.
 20859 | D:12     | Found Toenauz's Book Shop.
 21290 | D:13     | Paralysed by an ogre mage for 4 turns
 21300 | D:13     | Mangled by a skeletal warrior

Illustrated notes

Levels and vault maps discovered:
D:1:      amcnicky_arrival_gap_in_the_tavern_cellar, layout_basic,
          chequers_ecumenical_altar_island
D:2:      layout_basic, uniq_crazy_yiuf_cottage
D:3:      layout_basic, grunt_decor_one_mirror, pf_guarded_unrand_woodcutter
D:4:      layout_loops_ring, uniq_eustachio, uniq_pikel, uniq_blork_the_orc
D:5:      layout_loops_ring, mainiacjoe_overflow_cross_hatched,
          gammafunk_temple_overflow_wave, minmay_misc_feat_hallway,
          roderic_serpentine_path, minmay_misc_feat_iff, nicolae_half_adder
D:6:      layout_basic, minmay_temple_entry_sparse_star
D:7:      layout_cave_pods, marbit_many_paths, enter_bailey_5, st_stairs_13
D:8:      layout_loops_ring, minmay_tree_intersection
D:9:      layout_basic, kennysheep_orc_monster_closet_entryway, serial_shops,
          nicolae_shop_gaudy_bauble, nicolae_stop_n_shop_2, shop, shop_coins,
          nicolae_shop_bloodbath_and_beyond, grunt_decor_resistance,
          minmay_statues_item
D:10:     layout_loops_ring, nicolae_overflow_hidden_temple,
          kennysheep_okawaru_gauntlet, minitemple, tso_oasis_becter,
          amcnicky_altar_gilded, nzn_hepliaklqana_mist_gate, dpeg_oklobed_lair
D:11:     layout_basic, enter_trove_6, portal_ice_cave_entry_animals_and_master
D:12:     lemuel_traditional_vault, layout_small_grid, serial_shops,
          nicolae_shop_tiny_statue_garden, nicolae_shop_tiny_real_fake_doors,
          shop, nicolae_shop_stone, kennysheep_small_spiral
D:13:     layout_cross, david_vaults_2, gauntlet_entry_generic,
          grunt_ministairs_5
Lair:1:   layout_regular_city, basic_altar
Lair:2:   layout_roguey, minmay_snake_entry_guardpost_small, grunt_megastairs_3
Lair:3:   layout_gridlike, minmay_swamp_entry_worms,
          gammafunk_ghost_abyssal_escape
Lair:4:   layout_layer_cave
Lair:5:   gammafunk_lair_ancient_temple, layout_long_grid,
          nicolae_slime_entry_slimehenge, pdpol_lair_cabin_in_the_woods

Skill      XL: |  1  2  3  4  5  6  7  8  9 10 11 12 13 14 |
---------------+-------------------------------------------+-----
Invocations    | 1 2 3 4 5 6 7 8 10 | 10.7
Short Blades   | 1 2 3 5 6 7 8 9 |  9.8
Long Blades    | 1 2 3 5 6 7 8 9 |  9.8
Maces & Flails | 1 2 3 5 6 7 8 9 |  9.8
Polearms       | 1 2 3 5 6 7 8 9 |  9.8
Staves         | 1 2 3 5 6 7 8 9 |  9.8
Ranged Weapons | 1 2 3 5 6 7 8 9 |  9.8
Throwing       | 1 2 3 5 6 7 8 9 |  9.8
Stealth        | 1 2 3 5 6 7 8 9 |  9.8
Shields        | 1 2 3 5 6 7 8 9 |  9.8
Unarmed Combat | 1 2 3 5 6 7 8 9 |  9.8
Spellcasting   | 1 2 3 5 6 7 8 9 |  9.8
Evocations     | 1 2 3 5 6 7 8 9 |  9.8
Shapeshifting  | 1 2 3 4 5 6 7 8 9 |  9.0
Conjurations   | 1 2 3 4 5 6 7 8 |  8.2
Hexes          | 1 2 3 4 5 6 7 8 |  8.2
Summonings     | 1 2 3 4 5 6 7 8 |  8.2
Necromancy     | 1 2 3 4 5 6 7 8 |  8.2
Translocations | 1 2 3 4 5 6 7 8 |  8.2
Fire Magic     | 1 2 3 4 5 6 7 8 |  8.2
Ice Magic      | 1 2 3 4 5 6 7 8 |  8.2
Air Magic      | 1 2 3 4 5 6 7 8 |  8.2
Earth Magic    | 1 2 3 4 5 6 7 8 |  8.2
Alchemy        | 1 2 3 4 5 6 7 8 |  8.2
Armour         | 5 6 7 8 9 10 | 10.9
Dodging        | 5 6 7 8 9 10 | 10.9
Fighting       | 7 8 9 10 11 | 11.8
Axes           | 7 8 9 10 11 | 11.8

Action                     |  1- 3 |  4- 6 |  7- 9 | 10-12 | 13-15 || total
---------------------------+-------+-------+-------+-------+-------++-------
  Melee: Hand axe          |    75 |   110 |       |       |       ||   185
         Bite              |     5 |    18 |    21 |    77 |    92 ||   213
         Battleaxe         |       |    48 |   231 |   509 |   607 ||  1395
         Dire flail        |       |       |       |    11 |       ||    11
  Throw: Dart              |       |       |     6 |    66 |    69 ||   141
         Javelin           |       |       |       |    16 |       ||    16
         Boomerang         |       |       |       |       |    45 ||    45
 Invoke: Berserk           |       |     2 |     1 |     6 |     5 ||    14
         Trog's Hand       |       |     1 |     4 |     7 |     6 ||    18
         Brothers in Arms  |       |       |     1 |       |     2 ||     3
  Evoke: Wand              |       |       |       |     1 |     4 ||     5
    Use: Scroll            |       |       |     5 |    14 |    10 ||    29
         Potion            |       |       |       |     3 |     3 ||     6
   Stab: Petrifying        |       |       |       |     1 |       ||     1
         Petrified         |       |       |       |     1 |       ||     1
 Armour: Animal skin       |     4 |       |       |       |       ||     4
         Plate armour      |    45 |   108 |   202 |   418 |   525 ||  1298
  Dodge: Dodged            |    27 |    50 |    78 |   212 |   335 ||   702
  Block: Other             |       |       |       |   100 |    94 ||   194
         Reflection        |       |       |       |     1 |     1 ||     2

Table legend: (Time is in decaauts)
 A = Elapsed time spent in this place.
 B = Non-inter-level travel time spent in this place.
 C = Inter-level travel time spent in this place.
 D = Time resting spent in this place.
 E = Time spent auto-exploring this place.
 F = Levels seen in this place.
 G = Mean time per level.
                   A        B        C        D        E       F      G
               +--------+--------+--------+--------+--------+-----+--------+
         Total |  21424 |  20541 |    883 |   1629 |  14924 |  20 | 1071.2 |
       Dungeon |  11486 |  11104 |    382 |    363 |   8665 |  13 |  883.5 |
          Lair |   8247 |   7746 |    501 |   1039 |   5362 |   5 | 1649.4 |
        Bailey |    407 |    407 |      0 |      2 |    193 |   1 |  407.0 |
      Ice Cave |   1282 |   1282 |      0 |    224 |    703 |   1 | 1282.0 |
               +--------+--------+--------+--------+--------+-----+--------+

Top non-repeatable levels by time:
  Lair:5: 2726 daAuts
  Lair:2: 1876 daAuts
    D:10: 1388 daAuts
  Lair:3: 1312 daAuts
   IceCv: 1282 daAuts
    D:11: 1202 daAuts
  Lair:1: 1192 daAuts
  Lair:4: 1138 daAuts
     D:7: 1117 daAuts
     D:9: 1105 daAuts
     D:5: 1084 daAuts
     D:6: 1014 daAuts
     D:3: 918 daAuts
     D:4: 815 daAuts
    D:12: 767 daAuts
